 Dungeon Crawl Stone Soup version 0.13.0 (webtiles) character file.

259 Malachi the Cudgeler (level 4, -5/34 HPs)
             Began as a Demonspawn Chaos Knight on Oct 12, 2013.
             Was a Plaything of Xom.
             Slain by Edmund
             ... wielding a +1,+2 dire flail of protection
              (8 damage)
             ... on Level 4 of the Dungeon.
             The game lasted 00:04:54 (2629 turns).

Malachi the Cudgeler (Demonspawn Chaos Knight)      Turns: 2629, Time: 00:04:55

HP  -5/34        AC  5     Str 19      XL: 4   Next: 79%
MP   4/4         EV 11     Int 13      God: Xom
Gold 136         SH  0     Dex 12      Spells:  0 memorised,  3 levels left

Res.Fire  : . . .   See Invis. : .   a - +0 mace (chaos)
Res.Cold  : . . .   Warding    : .   b - +2 leather armour
Life Prot.: . . .   Conserve   : .   (no shield)
Res.Poison: .       Res.Corr.  : .   (no helmet)
Res.Elec. : .       Clarity    : .   (no cloak)
Sust.Abil.: . .     Spirit.Shd : .   (no gloves)
Res.Mut.  : .       Stasis     : .   (no boots)
Res.Rott. : .       Flight     : .   (no amulet)
Saprovore : . . .                    (no ring)
                                     (no ring)

@: mighty, mildly poisoned, slightly resistant to hostile enchantments, quite
stealthy
A: nightstalker 2
a: Renounce Religion


You were on level 4 of the Dungeon.
You worshipped Xom.
You were a special plaything of Xom.
You were not hungry.

You visited 1 branch of the dungeon, and saw 5 of its levels.

You collected 116 gold pieces.

Inventory:

Hand weapons
 a - a +0,+0 mace of chaos (weapon)
 s - a +2,+0 elven short sword
 t - a +0,+0 dwarven flail
 v - a +0,+0 dagger
Missiles
 j - 3 poisoned darts (quivered)
Armour
 b - a +2 leather armour (worn)
Comestibles
 c - 3 bread rations
 f - a pear
 q - a meat ration
Scrolls
 d - 6 scrolls of identify {unknown}
 e - 3 scrolls of teleportation {unknown}
 g - 7 scrolls of remove curse {unknown}
 l - a scroll of enchant weapon I {unknown}
 m - 2 scrolls of curse armour {unknown}
 r - a scroll of fear {unknown}
Jewellery
 i - an uncursed ring of poison resistance {unknown}
 k - an uncursed amulet of conservation {unknown}
 u - an uncursed ring of sustenance {unknown}


   Skills:
 - Level 3.2 Fighting
 * Level 0.3 Short Blades
 - Level 4.2 Maces & Flails
 - Level 1.9 Armour
 - Level 0.8 Dodging
 * Level 2.1 Stealth


You had 3 spell levels left.
You didn't know any spells.

Dungeon Overview and Level Annotations

Branches:
Dungeon (5/27)
 Temple: D:4-7

Altars:
Xom

Annotations:
D:3 inmateoo's ghost, average GrFi
D:4 Edmund


Innate Abilities, Weirdness & Mutations

You are significantly more attuned to the shadows.


Message History

Edmund hits you with a glowing dire flail.
You hit Edmund. You freeze Edmund.
Edmund is moderately wounded.
You feel sick.
Edmund hits you with a glowing dire flail!
You hit Edmund.
Edmund goes berserk!
Edmund is heavily wounded.
Xom's attention almost turns to you for a moment.
Your head hurts.
Edmund misses you.
Edmund hits you with a glowing dire flail!
* * * LOW HITPOINT WARNING * * *
You barely miss Edmund.
Edmund is heavily wounded.
Edmund hits you with a glowing dire flail!
You die... "Oh, no, you don't!"
Xom revives you!
Edmund hits you with a glowing dire flail!
You die...
Xom cackles wildly!

... ....... #.......#
.@......... .
#.......# ....
#.......#
....######.######
.......@@.......
#.#######.#####.
#####.#..........#
.................... .
..................##
#.........#..........#
#.........#..........
#.........#.#####.##
#.........#.#### .


You could see Edmund (berserk).

Vanquished Creatures
  A worker ant (D:4)
  Ijyb (D:2)
  A hound zombie (D:3)
  2 adders
  4 giant geckos
  An ooze (D:2)
  An orc (D:3)
  5 goblins
  10 hobgoblins
  A quokka (D:2)
  5 bats
  2 giant cockroaches
  4 giant newts
  2 hobgoblin zombies (D:1)
  A jackal (D:1)
  6 kobolds
  3 rats
50 creatures vanquished.

Vanquished Creatures (others)
  An adder (D:2)
1 creature vanquished.

Grand Total: 51 creatures vanquished

Notes
Turn   | Place    | Note
--------------------------------------------------------------
     0 | D:1      | Malachi, the Demonspawn Chaos Knight, began the quest for the Orb.
     0 | D:1      | Reached XP level 1. HP: 16/16 MP: 1/1
    21 | D:1      | XOM: divination: detect items
   208 | D:1      | XOM: silly message
   225 | D:1      | Gained mutation: You are slightly more attuned to the shadows. [demonic ancestry]
   225 | D:1      | Reached XP level 2. HP: 12/22 MP: 2/2
   294 | D:1      | XOM: divination: magic mapping
   412 | D:1      | XOM: harmless Trmt miscast
   633 | D:1      | XOM: scenery: create altars
   862 | D:2      | Noticed Ijyb
   871 | D:2      | Killed Ijyb
   871 | D:2      | Reached XP level 3. HP: 24/28 MP: 3/3
  1050 | D:2      | XOM: colour smoke trail
  1532 | D:2      | XOM: harmless Tloc miscast
  1728 | D:3      | Reached skill level 4 in Maces & Flails
  1745 | D:3      | Reached skill level 1 in Stealth
  1745 | D:3      | Gained mutation: You are significantly more attuned to the shadows. [demonic ancestry]
  1745 | D:3      | Reached XP level 4. HP: 19/34 MP: 4/4
  1783 | D:3      | XOM: divination: detect items
  1975 | D:3      | Noticed inmateoo's ghost (average GrFi)
  2035 | D:3      | XOM: harmless Chrm miscast
  2036 | D:3      | XOM: potion effect (agility)
  2208 | D:4      | XOM: mild Trmt miscast
  2285 | D:4      | XOM: summons 2 hostile demons
  2306 | D:5      | Entered Level 5 of the Dungeon
  2604 | D:4      | Paralysed by a potion of paralysis for 7 turns
  2619 | D:4      | Noticed Edmund
  2628 | D:4      | XOM: harmless Summ miscast
  2629 | D:4      | Xom revived you
  2629 | D:4      | Slain by Edmund

Action                   |  1- 3 |  4- 6 || total
-------------------------+-------+-------++-------
Melee: Mace              |   143 |    34 ||   177
       Dagger            |       |    14 ||    14
       Flail             |       |     9 ||     9
       Short sword       |       |     6 ||     6
  Use: Potion            |       |     5 ||     5
 Stab: Paralysed         |     2 |     8 ||    10
       Petrifying        |     1 |       ||     1
       Sleeping          |     1 |     2 ||     3
